 Dungeon Sprint DCSS version 0.28.0-43-g3370ac3207 (webtiles) character file.

Game seed: 11626791349740776499

982 boopmooplesden the Cleaver (level 7, -8/78 HPs)
             Began as a Minotaur Berserker on Mar 12, 2022.
             Was an Elder of Trog.
             Mangled by a blink frog (13 damage)
             ... in the Dungeon (Sprint II: "The Violet Keep of Menkaure").
             The game lasted 00:01:02 (387 turns).

boopmooplesden the Cleaver (Minotaur Berserker)      Turns: 387, Time: 00:01:03

Health: -8/78      AC:  2    Str: 23    XL:     7   Next: 96%
Magic:  3/3        EV: 14    Int:  4    God:    Trog [****..]
Gold:   729        SH:  0    Dex: 10    Spells: 6/6 levels left

rFire   . . .      SeeInvis .   a - +0 hand axe
rCold   . . .      Faith    .   (no shield)
rNeg    . . .      Spirit   .   b - +0 animal skin
rPois   .          Reflect  .   (helmet restricted)
rElec   .          Harm     .   (no cloak)
rCorr   .          Rampage  .   (no gloves)
Will    .....      NoTele   +   (no boots)
Stlth   +.........              (no amulet)
HPRegen 0.23/turn               (no ring)
MPRegen 0.08/turn               (no ring)

@: on berserk cooldown, slowed, very slow
A: horns 2, retaliatory headbutt, deterioration 1, low MP 3, screaming 1
a: Renounce Religion, Berserk, Trog's Hand, Brothers in Arms


You were in the Dungeon.
You worshipped Trog.
Trog was greatly pleased with you.
You visited 1 branch You collected 729 gold pieces.

Inventory:

Hand Weapons
 a - a +0 hand axe (weapon)
Armour
 b - a +0 animal skin (worn)
Scrolls
 h - a scroll of blinking
Potions
 c - a potion of curing
 d - a potion of heal wounds
 e - a potion of haste
 f - 2 potions of magic
 g - a potion of berserk rage


   Skills:
 + Level 12.9 Fighting
 + Level 13.8 Axes
 + Level 6.6 Armour
 + Level 7.0 Dodging
 + Level 1.4 Stealth


You had 6 spell levels left.
You didn't know any spells.
Your spell library was empty.

Dungeon Overview and Level Annotations

Branches:
Dungeon (1/1)

Altars:

Shops:
D ??[=!:[=(=[!

Annotations:
D exclusion: oklob plant


Innate Abilities, Weirdness & Mutations

You have a pair of horns on your head.
You reflexively headbutt those who attack you in melee.
Your body sometimes deteriorates upon taking damage.
Your magical capacity is extremely low. (-30% MP)
You occasionally shout uncontrollably at your foes.


Message History

You feel yourself moving faster!
You feel mighty! The blink frog misses you.
The blink frog blinks!
You feel a strong urge to attack something.
There is an open door here.
You enter the shallow water.
Moving in this stuff is going to be slow.
The blink frog hits you!! The blink frog hits you!
The blink frog blinks!
You feel your anger nearly subside.
You are no longer berserk.
You are exhausted.
You feel yourself slow down. The blink frog hits you!!
You slash the blink frog!
The blink frog is moderately wounded.
The blink frog blinks!
The blink frog closely misses you. The blink frog completely misses you.
You furiously retaliate!
You headbutt the blink frog! You barely miss the blink frog.
The blink frog is severely wounded.
The blink frog blinks!
The blink frog blinks!
Your unstable footing causes you to fumble your attack.
A water moccasin comes into view.
The blink frog hits you!
The water moccasin hisses angrily.
You hit the blink frog.
The blink frog is almost dead.
The blink frog barely misses you. x2
Your unstable footing causes you to fumble your attack.
The blink frog hits you!!
* * * LOW HITPOINT WARNING * * *
The blink frog blinks!
The water moccasin bites you.
* * * LOW HITPOINT WARNING * * *
The water moccasin bites you!
* * * LOW HITPOINT WARNING * * *
The water moccasin barely misses you. You furiously retaliate!
You headbutt the water moccasin!
You kill the water moccasin!
Trog accepts your kill. The blink frog hits you!
You die...

...⌠...#≈≈≈≈##..###
..∩.∩..#≈≈≈ #..##.#
.∩...∩.#≈≈####†#.# #
∩.∩.∩.∩#≈##.###†## .##
.∩...∩.#≈##..##.##B..#
∩.....∩'≈'##.'.<.+#
.......#≈#.#.##.##B.$#
▓▓▓▓▓###≈##.###†## .##
HH######≈@####††.# #
.H ##≈F≈#..#..# P
#'#≈##.#.## #?#≈≈##+##
### ≈≈≈ +++# .


You could see a blink frog.

Vanquished Creatures
  4 neqoxecs (D)
  Menkaure (D)
  A water moccasin (D)
  4 necrophages (D)
  3 worms (D)
13 creatures vanquished.

Notes
Turn   | Place    | Note
-------+----------+-------------------------------------------
     0 | D        | boopmooplesden the Minotaur Berserker began the quest for
                  | the Orb.
     0 | D        | Reached XP level 1. HP: 19/19 MP: 0/0
     6 | D        | Reached skill level 4 in Axes
    10 | D        | Reached ** piety under Trog
    11 | D        | Reached XP level 2. HP: 28/28 MP: 1/1
    48 | D        | Noticed a boulder beetle
    48 | D        | Noticed a boulder beetle
    51 | D        | Noticed a necrophage
    51 | D        | Noticed a necrophage
    51 | D        | Noticed a necrophage
    51 | D        | Noticed a necrophage
    62 | D        | Killed a necrophage
    63 | D        | Reached skill level 7 in Axes
    63 | D        | Reached XP level 3. HP: 39/39 MP: 2/2
    63 | D        | Reached XP level 4. HP: 47/47 MP: 3/3
    66 | D        | Killed a necrophage
    67 | D        | Reached skill level 9 in Axes
    67 | D        | Reached XP level 5. HP: 56/56 MP: 4/4
    68 | D        | Killed a necrophage
    69 | D        | Reached skill level 10 in Axes
    69 | D        | Reached skill level 5 in Armour
    69 | D        | Reached skill level 5 in Dodging
    69 | D        | Killed a necrophage
    69 | D        | Reached *** piety under Trog
    70 | D        | Reached skill level 10 in Fighting
    70 | D        | Reached XP level 6. HP: 67/67 MP: 5/5
   100 | D        | Noticed a neqoxec
   100 | D        | Noticed a neqoxec
   100 | D        | Noticed a neqoxec
   100 | D        | Noticed a neqoxec
   105 | D        | Lost intelligence.
   105 | D        | Gained mutation: Your magical capacity is low. (-10% MP) [a
                  | neqoxec]
   110 | D        | Gained mutation: You occasionally shout uncontrollably at
                  | your foes. [a neqoxec]
   111 | D        | Gained mutation: Your magical capacity is very low. (-20%
                  | MP) [a neqoxec]
   112 | D        | Killed a neqoxec
   113 | D        | Reached skill level 11 in Axes
   113 | D        | Reached skill level 1 in Stealth
   116 | D        | Killed a neqoxec
   117 | D        | Reached skill level 12 in Axes
   117 | D        | Reached XP level 7. HP: 62/75 MP: 4/4
   121 | D        | Killed a neqoxec
   122 | D        | Reached skill level 13 in Axes
   127 | D        | Found Liobb's Antique Armour Shoppe.
   127 | D        | Found Zuum's Jewellery Emporium.
   127 | D        | Found Puudalue's Antique Weapon Emporium.
   127 | D        | Found Xoppaepami's Armour Shoppe.
   130 | D        | Gained mutation: Your body sometimes deteriorates upon
                  | taking damage. [a neqoxec]
   131 | D        | Gained mutation: Your magical capacity is extremely low.
                  | (-30% MP) [a neqoxec]
   135 | D        | Killed a neqoxec
   135 | D        | Reached **** piety under Trog
   136 | D        | Found Qakhlasta's Distillery.
   136 | D        | Found Ivawuergh's Jewellery Shoppe.
   266 | D        | Found Enteetor's Book Shoppe.
   266 | D        | Found Qeva's Distillery.
   267 | D        | Found Korph's Jewellery Shoppe.
   267 | D        | Found Zuimir's Antique Armour Emporium.
   267 | D        | Noticed Menkaure
   267 | D        | Noticed a manticore
   283 | D        | Killed Menkaure
   285 | D        | Found Bedghod's Magic Scroll Shoppe.
   285 | D        | Found Beerghee's Magic Scroll Emporium.
   285 | D        | Noticed a manticore
   285 | D        | Noticed a manticore
   285 | D        | Noticed an oklob plant
   375 | D        | Noticed a blink frog
   387 | D        | Mangled by a blink frog

Illustrated notes

Levels and vault maps discovered:
D:        the_violet_keep_of_menkaure [sprint2_stairs_cluster_1,
          sprint2_shoproom, sprint2_temple, sprint2_basic_supplies,
          sprint2_obstacle_3, sprint2_obstacle_2, sprint2_obstacle_7,
          sprint2_obstacle_1, sprint2_obstacle_5, sprint2_timed_cluster_1,
          sprint2_smallroom_cluster_1, sprint2_smallroom_final_cluster_1,
          sprint2_transparent_cluster_1, sprint2_second_timed_cluster_1,
          sprint2_sniper_area_1, sprint2_heavy_combat_area_1,
          sprint2_mutation_trap_area_1, sprint2_forest_area_1,
          sprint2_light_combat_area_1, sprint2_behind_water_1,
          sprint2_near_end_vault_1]

Skill      XL: |  1  2  3  4  5  6  7 |
---------------+----------------------+-----
Fighting       | 4 7 8 10 11 12 | 12.9
Axes           | 4 7 9 10 12 13 | 13.8
Armour         | 4 5 6 |  6.6
Dodging        | 3 4 5 6 7 |  7.0
Stealth        | 1 |  1.4

Action                   |  1- 3 |  4- 6 |  7- 9 || total
-------------------------+-------+-------+-------++-------
Melee: Hand axe          |    15 |    19 |    24 ||    58
       Headbutt          |     3 |     4 |     5 ||    12
       Punch             |       |       |     1 ||     1
Invok: Berserk           |     2 |     1 |     1 ||     4
Armor: Animal skin       |       |     1 |       ||     1
Dodge: Dodged            |     6 |     7 |    12 ||    25
